 Dungeon Crawl Stone Soup version 0.31.0-32-g396128a36d (webtiles) character file.

Game seed: 16262537770512929440

17 spaghetti the Sneak (level 2, 0/28 HPs)
             Began as a Naga Chaos Knight on Mar 9, 2024.
             Was a Plaything of Xom.
             Slain by a red devil
             ... wielding a +0 trident
             ... summoned by Xom
              (4 damage)
             ... on level 1 of the Dungeon.
             The game lasted 00:00:35 (465 turns).

spaghetti the Sneak (Naga Chaos Knight)              Turns: 465, Time: 00:00:36

Health: 0/28       AC:  4    Str: 14    XL:     2   Next: 62%
Magic:  2/2        EV:  9    Int: 12    God:    Xom [...*..]
Gold:   69         SH:  0    Dex: 10    Spells: 1/1 levels left

rFire   . . .        a - +0 short sword (chaos)
rCold   . . .        (no shield)
rNeg    . . .        b - +2 leather armour
rPois   +            (no helmet)
rElec   .            (no cloak)
rCorr   .            (no gloves)
SInv    +            (no barding)
Will    .....        (no amulet)
Stlth   ++           (no ring)
HPRegen 0.24/turn    (no ring)
MPRegen 0.08/turn

%: no passive effects
@: spiked, hasted, quick
A: AC +0, large, see invisible, deformed body, poison resistance, slowness 2,
spit poison 1, naga tail 1
a: Spit Poison, Renounce Religion


You were on level 1 of the Dungeon.
You worshipped Xom.
You were a favourite toy of Xom.
You visited 1 branch of the dungeon, and saw 1 of its levels.

You collected 69 gold pieces.

Inventory:

Hand Weapons
 a - a +0 short sword of chaos (weapon)
Armour
 b - a +2 leather armour (worn)
Scrolls
 c - a scroll of butterflies
 f - a scroll of noise


   Skills:
 - Level 3.0 Fighting
 - Level 3.0 Short Blades
 - Level 1.5 Armour
 - Level 0.7 Dodging
 + Level 3.6 Stealth


You had one spell level left.
You didn't know any spells.
Your spell library was empty.

Dungeon Overview and Level Annotations

Branches:
Dungeon (1/15)

Altars:


Innate Abilities, Weirdness & Mutations

Your serpentine skin is tough. (AC +0)
You have supernaturally acute eyesight. (SInv)
Armour fits poorly on your strangely shaped body.
Your system is resistant to poisons. (rPois)
You cover ground very slowly.
You can spit poison.
You have a snake-like lower body.


Message History

A rat is nearby!
You barely miss the rat. You hit the rat. You freeze the rat.
You kill the rat!
No target in view!
No target in view!
No target in view!
No target in view!
No target in view!
No target in view!
No target in view!
No target in view!
No target in view!
No target in view!
No target in view!
No target in view!
No target in view!
No target in view!
No target in view!
You see here a rat corpse.
You now have 69 gold pieces (gained 11).
You hear Xom's maniacal laughter.
You are now a favourite toy of Xom.
There are monsters nearby!
There are monsters nearby!
There are monsters nearby!
You hit the red devil but do no damage.
It was a potion of curing.
You feel better.
The red devil hits you with a +0 trident!!
Ouch! That really hurt!
Barbed spikes become lodged in your body.
The crimson imp blinks!
It was a potion of haste.
You feel yourself speed up.
The red devil hits you with a +0 trident.
* * * LOW HITPOINT WARNING * * *
Barbed spikes become lodged in your body.
The crimson imp barely misses you.
You hit the red devil but do no damage.
The red devil hits you with a +0 trident.
You die... "Huh?
Did I miss anything?"

#.. #.#....#####.#
#... #..##### ##.#.
#..### ##.# ##.##.
#...#####.# ##.###.
#.......# ##.## #.
#.#####.####.## ##.
#..# #..##.## #>.
##4# #....## ##..
#@######..#####..#
##.5.## #...#....##
##.....####..#####..
#.......###...####.#
#..................#
#........###.......#
##.....### #.......#
#.......# #......##
#.......# #......#


You could see a red devil (summoned) and a crimson imp (summoned).

Vanquished Creatures
  A ball python (D:1)
  3 endoplasms (D:1)
  A giant cockroach (D:1)
  3 goblins (D:1)
  2 hobgoblins (D:1)
  A quokka (D:1)
  A kobold (D:1)
  3 rats (D:1)
15 creatures vanquished.

Notes
Turn   | Place    | Note
-------+----------+-------------------------------------------
     0 | D:1      | spaghetti the Naga Chaos Knight began the quest for the
                  | Orb.
     0 | D:1      | Reached XP level 1. HP: 21/21 MP: 1/1
    20 | D:1      | Reached skill level 1 in Stealth
   183 | D:1      | Reached XP level 2. HP: 28/28 MP: 2/2
   226 | D:1      | XOM: noise
   461 | D:1      | XOM: summons 2 hostile demons
   462 | D:1      | Noticed a red devil
   462 | D:1      | Noticed a crimson imp
   465 | D:1      | Slain by a red devil

Illustrated notes

Levels and vault maps discovered:
D:1:      spicycebolla_arrival_xxxplode, layout_rooms

Skill      XL: |  1  2 |
---------------+-------+-----
Stealth        | 2 3 |  3.6
Fighting       | |  3.0
Short Blades   | |  3.0
Armour         | |  1.5
Dodging        | |  0.7

Action                     || total
---------------------------++-------
  Melee: Short sword       ||    54
Ability: Spit Poison       ||     2
    Use: Scroll            ||     2
         Potion            ||     2
 Armour: Leather armour    ||    35
  Dodge: Dodged            ||    12
